Map: Dead of Night

Players

NamroodTuo

  • Race: Terran Terran

Spirit

  • Race: Zerg Zerg

VOD

Have the link to the VOD?

Description

Time

  • Played on: June 5, 2023, 9:47 a.m.
  • Length: 32:13
Show
View Real Time Build Order
Export as new Build Order

NamroodTuo Terran 

Build Orders:  

Get SALT Encoding   

  12  0:05  SCV  
  13  0:23  SCV  
  14  0:37  Engineering Bay  
  14  0:40  SCV  
  15  0:50  Refinery  
  15  0:57  SCV  
  16  1:11  Engineering Bay  
  16  1:14  SCV  
  17  1:29  Refinery  
  17  1:31  SCV  
  18  1:48  SCV  
  19  2:09  SCV  
  20  2:26  SCV  
  21  2:42  Gunslingers Hideout  
  21  2:45  Outlaw Weapons Level 1  
  21  2:47  Outlaw Life and Armor Level 1  
  21  2:50  SCV  
  22  3:01  Tychus  
  22  3:06  Refinery  
  22  3:07  SCV  
  23  3:14  Auto-Turret  
  23  3:24  SCV  
  24  3:31  Auto-Turret  
  24  3:47  SCV  
  25  4:04  SCV  
  26  4:21  SCV  
  27  4:42  James Sirius Sykes  
  37  5:37  SCV  
  38  5:41  Outlaw Weapons Level 2  
  38  5:43  Outlaw Life and Armor Level 2  
  38  5:54  SCV  
  39  6:06  Fixers Safehouse  
  39  6:41  Auto-Turret  
  39  6:56  SCV  
  40  7:09  Auto-Turret  
  40  7:13  SCV  
  41  7:30  SCV  
  42  7:47  SCV  
  43  8:03  SCV, ITC-E Triggers  
  44  8:29  Vega  
  54  9:12  Outlaw Weapons Level 3  
  54  9:33  Outlaw Life and Armor Level 3  
  54  10:32  Auto-Turret  
  54  10:59  Auto-Turret  
  54  11:26  Auto-Turret  
  54  11:28  Medivac Platform  
  54  11:52  Endurance Supplements, Auto-Turret  
  54  12:13  Flashforce GDM Visor  
  54  12:15  SCV  
  54  12:18  Auto-Turret  
  55  12:32  SCV  
  56  12:47  Auto-Turret  
  56  12:49  SCV  
  57  13:00  Auto-Turret  
  57  13:06  SCV  
  58  13:14  Auto-Turret  
  58  13:23  SCV  
  58  13:27  Auto-Turret  
  59  13:42  Auto-Turret  
  59  13:54  Auto-Turret  
  59  14:06  Crooked Sam  
  69  14:10  Auto-Turret  
  69  14:22  Auto-Turret  
  69  14:43  Auto-Turret  
  69  14:48  Auto-Turret  
  69  15:10  Auto-Turret  
  69  15:15  Auto-Turret  
  69  15:31  Kel-Morian Ripper Rounds, D99 Detonator  
  69  15:32  Procyon Shade Suit  
  69  15:35  SCV  
  69  15:37  Auto-Turret  
  70  15:44  Auto-Turret  
  70  15:52  SCV  
  71  16:21  Auto-Turret  
  71  16:47  Auto-Turret  
  71  18:10  Lt Layna Nikara  
  81  19:21  Vanadium Shell, Moebius Restraint Matrix, Moebius M34 Terror Rounds  
  81  19:24  Psi Projector  
  81  23:44  Neural Disruption Device, Moebius Psionic Motivator  
  81  23:45  Procyon Twin Heal Beam Gauntlet  
  81  23:46  Procyon Serum, Umojan Repair Nanites  
  81  23:48  KD9a Implosion Core  
  81  23:49  LarsCorp G7 Charges  
  81  25:04  SA-55 Thunderbolt Missiles  
  81  25:24  Muscle Armory  
  81  28:59  SCV  
  82  29:07  Auto-Turret  
  82  29:16  SCV  
  82  29:19  Auto-Turret  
Show
View Real Time Build Order
Export as new Build Order

Spirit Zerg 

Build Orders:  

Get SALT Encoding   

  12  0:03  Infested SCV  
  13  0:12  Infested SCV  
  14  0:22  Infested SCV  
  15  0:31  Overlord  
  15  0:45  Overlord  
  15  0:57  Infested Barracks  
  15  1:02  Infested SCV  
  15  1:08  Infested SCV  
  17  1:21  Infested SCV  
  18  1:39  Infested SCV  
  19  1:54  Infested SCV  
  20  2:03  Infested Refinery  
  20  2:11  Infested SCV  
  21  2:20  Infested Engineering Bay  
  21  2:43  Infested SCV, Infested Bunker  
  21  2:44  Infested SCV  
  27  2:59  Infested SCV  
  28  3:02  Infested Barracks Tech Lab  
  28  3:16  Infested SCV  
  29  3:30  Infested SCV  
  30  3:45  Overlord  
  30  4:18  Infested Bunker  
  34  4:29  Retinal Augmentation  
  34  4:36  Infested SCV x2, Infested Refinery  
  34  4:37  Infested SCV  
  37  4:50  Overlord  
  37  5:05  Infested Factory  
  37  5:08  Infested SCV  
  38  5:22  Infested SCV  
  43  5:45  Infested SCV  
  44  5:51  Infested Bunker  
  44  5:54  Overlord  
  44  5:55  Stukov Infantry Weapons Level 1  
  44  6:10  Infested SCV  
  45  6:24  Infested Factory Tech Lab  
  45  6:33  Infested Armory  
  45  6:41  Infested Bunker  
  45  6:47  Infested SCV  
  45  6:48  Infested SCV  
  51  6:58  Infested SCV  
  52  7:03  Infested Refinery  
  52  7:14  Infested SCV  
  53  7:30  Overlord  
  53  7:53  Overlord  
  53  7:54  Aggressive Incubation  
  53  8:09  Infested Bunker  
  57  8:16  Infested Bunker  
  61  8:23  Plagued Munitions  
  61  8:25  Infested Siege Tank  
  61  8:27  Infested Siege Tank  
  67  8:33  Automated Mitosis  
  67  8:35  Regenerative Plating  
  67  8:37  Infested SCV  
  67  8:38  Overlord  
  68  8:41  Overlord  
  68  9:07  Overlord  
  68  9:13  Infested SCV  
  69  9:22  Infested SCV  
  70  9:35  Stukov Infantry Weapons Level 2  
  70  9:41  Infested Siege Tank  
  70  9:49  Infested Siege Tank  
  80  10:01  Infested Bunker x2  
  84  10:18  Infested Siege Tank  
  87  10:49  Infested Bunker  
  91  10:52  Infested Missile Turret  
  91  10:56  Infested SCV  
  91  10:57  Overlord  
  91  10:59  Infested Siege Tank  
  95  11:25  Infested Bunker  
  99  11:46  Acidic Enzymes  
  99  12:27  Infested Bunker  
  103  12:45  Calcified Armor  
  103  13:11  Overlord x3  
  103  13:12  Overlord x2  
  103  13:32  Infested Missile Turret  
  101  13:52  Infested SCV x2  
  107  14:30  Infested Bunker  
  107  14:42  Infested Siege Tank x2  
  107  14:44  Infested Siege Tank x2  
  107  14:45  Infested Siege Tank  
  122  14:59  Stukov Infantry Weapons Level 3  
  122  15:19  Infested Missile Turret  
  122  15:33  Overlord, Infested SCV  
  127  15:50  Infested Bunker  
  131  16:15  Overseer x4  
  131  16:16  Overseer  
  131  16:40  Infested Missile Turret  
  131  17:06  Infested Siege Tank x2  
  131  17:07  Infested Siege Tank x2  
  131  17:08  Infested Siege Tank  
  146  17:10  Stukov Vehicle and Ship Weapons Level 1  
  146  17:16  Infested Bunker  
  150  17:40  Infested Bunker  
  150  18:05  Infested Missile Turret  
  150  18:28  Infested Missile Turret  
  150  18:39  Stukov Infantry Armor Level 1  
  150  19:50  Stukov Vehicle and Ship Armor Level 1  
  150  20:20  Overlord x2  
  150  20:21  Overlord x3  
  150  21:07  Infested Bunker  
  154  22:52  Stukov Vehicle and Ship Weapons Level 2  
  154  22:54  Stukov Infantry Armor Level 2  
  154  23:21  Overlord  
  154  23:22  Overlord  
  154  23:36  Infested Bunker  
  158  26:02  Stukov Vehicle and Ship Armor Level 2  
  158  27:28  Infested Bunker  
  166  28:16  Infested Bunker  
  166  29:12  Overlord  
  166  29:13  Infested SCV  
  171  30:30  Infested Bunker  
  175  31:20  Infested Bunker  
Tags
 
Commander
StukovTychus
Matchup
Co-op
Replay Pack
Multiplayer
Add a new tag
Caveats
  • Supply blocks, unpowered buildings, or Contaminate may cause inaccurate times.
  • Supply counts are checked every 10 seconds.